Map: Jagannatha LE

Players

Massa

  • Race: Terran Terran
  • League: Platinum
  • Spawn Location: 7:00

Martir - Winner!

  • Race: Zerg Zerg
  • League: Platinum
  • Spawn Location: 1:00

VOD

Have the link to the VOD?

Description

Time

  • Played on: Oct. 22, 2020, 3:36 p.m.
  • Length: 21:54
Show
View Real Time Build Order
Export as new Build Order

Massa Terran 

Build Orders: Reaper Expand 

Get SALT Encoding   

  12  0:00  SCV  
  13  0:12  SCV  
  14  0:22  Supply Depot  
  14  0:24  SCV  
  15  0:43  SCV  
  15  0:45  Barracks  
  16  0:51  Refinery  
  16  0:55  SCV  
  17  1:07  SCV  
  18  1:19  SCV  
  19  1:32  Orbital Command  
  19  1:37  Reaper  
  20  1:46  Command Center  
  20  1:57  SCV  
  20  1:58  Refinery  
  21  2:09  Marine  
  21  2:14  Supply Depot  
  22  2:15  SCV  
  23  2:30  Factory  
  23  2:36  SCV  
  24  2:48  SCV  
  25  3:02  SCV  
  26  3:06  Orbital Command  
  26  3:09  Barracks Reactor  
  26  3:14  SCV  
  27  3:22  Starport  
  27  3:25  Supply Depot  
  27  3:27  Factory Tech Lab  
  27  3:41  SCV  
  27  3:42  SCV  
  27  3:47  Cyclone  
  32  3:48  Marine  
  32  3:49  Marine  
  32  3:54  SCV x2, Supply Depot  
  35  3:58  Supply Depot x2  
  35  3:59  Barracks  
  35  4:06  Marine x2  
  37  4:16  Starport Tech Lab  
  31  4:24  Marine x2  
  30  4:44  Factory Tech Lab  
  29  4:45  SCV  
  29  4:46  SCV  
  31  4:58  SCV x2  
  31  4:59  Banshee  
  36  5:07  Supply Depot  
  36  5:10  SCV x2, Siege Tank  
  36  5:11  Marine x2  
  43  5:16  Barracks Tech Lab  
  43  5:22  SCV x2  
  43  5:25  Cloaking Field  
  45  5:34  SCV x2  
  47  5:41  Banshee  
  47  5:42  Marine, Command Center  
  52  5:43  Marauder  
  52  5:46  SCV x2  
  55  5:51  Engineering Bay  
  55  5:56  Stimpack, Supply Depot  
  55  5:58  SCV x2  
  59  6:04  Marauder  
  59  6:07  Siege Tank  
  59  6:08  Marine x2  
  59  6:10  SCV  
  65  6:20  Missile Turret, Supply Depot  
  65  6:24  SCV x2  
  69  6:25  Marauder  
  69  6:26  Marine x2  
  69  6:27  Missile Turret  
  71  6:42  Missile Turret  
  71  6:48  Missile Turret  
  71  6:56  Banshee  
  71  7:05  Marauder, Marine x2  
  71  7:06  Cyclone  
  78  7:09  Refinery  
  78  7:10  Refinery  
  78  7:11  Orbital Command  
  78  7:22  Marine  
  78  7:23  Barracks  
  78  7:26  Barracks, Marauder  
  78  7:29  Barracks  
  81  7:35  Supply Depot  
  81  7:38  Cyclone  
  81  7:47  Marauder  
  81  7:48  Combat Shield  
  83  7:57  Supply Depot  
  83  7:59  Marine x2  
  83  8:02  Orbital Command  
  83  8:04  SCV  
  86  8:09  SCV, Marauder  
  86  8:10  Siege Tank  
  92  8:16  SCV  
  92  8:17  Marine x2  
  95  8:21  SCV  
  95  8:22  Supply Depot  
  74  8:28  SCV  
  74  8:30  Marauder  
  74  8:33  SCV x2  
  69  8:37  Barracks Tech Lab x2  
  69  8:38  Barracks Tech Lab  
  69  8:39  Marine x2  
  69  8:40  SCV  
  72  8:44  Missile Turret  
  72  8:45  SCV  
  72  8:46  SCV  
  74  8:52  SCV, Marauder  
  74  8:56  Marine  
  74  8:57  SCV, Marine  
  74  8:58  SCV  
  74  9:01  Missile Turret  
  78  9:04  SCV, Marine  
  78  9:05  Marauder x2  
  78  9:08  Missile Turret, Siege Tank  
  78  9:09  SCV  
  88  9:12  Medivac  
  88  9:13  Marauder  
  88  9:14  Marine x2  
  94  9:22  Marine  
  94  9:23  SCV x3  
  98  9:26  Marauder, Marine  
  98  9:28  Engineering Bay  
  101  9:32  Armory, Marine  
  101  9:34  Marauder  
  101  9:35  SCV x3  
  101  9:37  Command Center  
  107  9:39  Terran Infantry Weapons Level 1  
  107  9:40  Siege Tank  
  107  9:41  Marauder  
  107  9:44  Marauder  
  114  9:47  SCV x2  
  114  9:48  Marauder  
  114  9:52  Marine  
  119  9:53  Marine  
  119  9:56  Marauder  
  122  10:02  Marauder  
  122  10:03  Refinery  
  122  10:05  Refinery, Marauder  
  122  10:07  Concussive Shells  
  126  10:09  Marauder  
  126  10:10  Marine x2  
  130  10:14  Siege Tank  
  133  10:25  Supply Depot x2  
  133  10:26  Supply Depot x2  
  133  10:27  Supply Depot  
  133  10:28  Supply Depot  
  133  10:46  Marauder x2, Marine x2, Viking  
  133  10:47  Marauder x2  
  145  10:50  Siege Tank  
  145  10:56  Terran Infantry Armor Level 1  
  148  10:57  Terran Vehicle Weapons Level 1  
  148  11:04  Marine x2  
  148  11:07  Marine x2  
  148  11:09  Marauder x2  
  156  11:11  SCV x2  
  156  11:12  SCV  
  159  11:21  Marine x2  
  159  11:23  SCV  
  159  11:24  SCV x2  
  164  11:26  Marauder x2  
  164  11:30  Marauder x2  
  170  11:39  Marine  
  171  11:44  Medivac  
  177  11:47  Marauder x2  
  177  11:51  Marauder  
  177  11:53  Marauder, Marine  
  182  11:57  Marine  
  182  12:01  Planetary Fortress  
  183  12:04  SCV x3  
  190  12:08  Marauder x2  
  190  12:11  Marine  
  190  12:13  Marauder  
  190  12:14  Medivac  
  190  12:15  Marine  
  196  12:48  Smart Servos  
  196  12:58  Supply Depot  
  196  12:59  Supply Depot  
  196  13:00  Supply Depot x2  
  196  13:02  Supply Depot  
  196  13:18  Marauder, Marine  
  196  13:19  Marauder x2  
  200  13:20  Marauder  
  200  13:22  Supply Depot  
  200  13:24  Supply Depot x2  
  200  13:27  Supply Depot  
  200  13:28  Marine  
  200  13:29  SCV  
  200  13:30  Supply Depot, Siege Tank  
  139  14:02  Siege Tank  
  136  14:04  Marauder  
  136  14:05  Marauder x3, Marine  
  136  14:06  Marine  
  99  14:19  Sensor Tower  
  99  14:23  Marine x2  
  101  14:25  Marauder  
  101  14:26  Marauder x3  
  101  14:30  Refinery  
  109  14:32  Refinery  
  109  14:34  Siege Tank  
  109  14:35  Supply Depot  
  109  14:36  Supply Depot  
  109  14:37  Supply Depot  
  112  14:39  Missile Turret  
  112  14:40  Missile Turret  
  112  14:41  Marine x2  
  112  14:45  Terran Infantry Armor Level 2, Sensor Tower  
  114  14:46  Terran Infantry Weapons Level 2  
  114  14:47  Terran Vehicle Weapons Level 2, Marauder x4  
  122  14:53  Armory  
  122  14:58  Marine  
  122  14:59  Marine, Command Center  
  124  15:00  Missile Turret, Supply Depot x2  
  124  15:03  Missile Turret  
  124  15:06  Siege Tank  
  127  15:08  Marauder, Factory  
  127  15:09  Marauder x3  
  127  15:11  Factory  
  135  15:19  Medivac  
  137  15:24  Missile Turret  
  137  15:30  Marauder x4  
  137  15:33  SCV x3  
  137  15:34  SCV  
  149  15:38  Siege Tank  
  152  15:45  SCV x2  
  152  15:46  SCV x2  
  152  15:48  Medivac, Supply Depot  
  158  15:57  SCV, Sensor Tower  
  158  15:58  SCV  
  158  15:59  Ghost Academy x2  
  158  16:00  Terran Vehicle And Ship Armor Level 1  
  160  16:05  Marauder x2  
  160  16:06  Marauder x2  
  160  16:07  Factory Tech Lab x2  
  160  16:10  Siege Tank, Supply Depot  
  164  16:18  Medivac  
  164  16:27  Marauder x3  
  166  16:33  Supply Depot  
  166  16:39  Marine  
  167  16:40  Marine x2  
  167  16:42  Siege Tank  
  172  16:47  Marine  
  172  16:48  Marine x2, Medivac  
  177  16:57  Marine  
  177  16:58  Marine x2  
  180  17:04  Command Center  
  180  17:05  Marine x2  
  180  17:06  Nuke, Marine, Personal Cloaking  
  183  17:14  Thor x2  
  183  17:15  Marine x3  
  198  17:24  Marauder  
  200  17:55  Terran Vehicle And Ship Armor Level 2  
  200  17:56  Terran Vehicle Weapons Level 3  
  200  17:58  Terran Infantry Armor Level 3  
  200  17:59  Terran Infantry Weapons Level 3  
  200  18:12  Missile Turret  
  200  18:22  Orbital Command  
  200  18:26  Hyperflight Rotors  
  200  18:29  Mag-Field Accelerator  
  200  18:32  Nuke, Missile Turret  
  200  18:55  Missile Turret  
  184  19:06  Thor x2  
  184  19:07  Thor  
  155  19:15  Marauder x4, Marine x2, Missile Turret  
  129  19:33  Marine x2  
  129  19:37  Marauder x4  
  136  19:47  Orbital Command  
  136  19:49  Thor x3  
  136  19:50  Marine  
  136  19:51  Marine  
  156  19:53  Orbital Command, Missile Turret  
  156  19:57  Refinery x2  
  156  19:58  Marauder x3, Marine  
  163  20:00  Supply Depot  
  163  20:08  Drilling Claws, Marine x2, Missile Turret  
  165  20:14  Missile Turret  
  165  20:16  Marauder  
  165  20:20  Marauder x2  
  161  20:24  Supply Depot  
  161  20:26  Corvid Reactor  
  139  20:28  Missile Turret  
  139  20:32  Thor x3  
  139  20:34  Marauder, Marine x2  
  139  20:35  Missile Turret  
  132  20:36  Hi-Sec Auto Tracking  
  132  20:37  Marauder  
  132  20:41  Marauder x2  
  137  20:48  Supply Depot  
  137  20:49  Missile Turret  
  129  20:55  Marauder, Missile Turret  
  111  20:59  Marauder  
  111  21:01  SCV  
  111  21:02  Marauder x2  
  112  21:10  Supply Depot  
  102  21:13  SCV  
  102  21:17  Marauder  
  123  21:20  Marauder  
  123  21:24  Marauder x2  
  123  21:25  SCV  
  115  21:33  Supply Depot  
Show
View Real Time Build Order
Export as new Build Order

Martir Zerg - Winner!

Build Orders: Hatch First 

Get SALT Encoding   

  12  0:01  Drone  
  13  0:08  Drone  
  14  0:15  Extractor  
  14  0:18  Overlord  
  14  0:41  Drone  
  14  0:42  Drone x2  
  17  0:56  Hatchery  
  16  1:09  Spawning Pool  
  15  1:11  Extractor  
  15  1:12  Drone  
  15  1:17  Drone  
  16  1:28  Drone x2  
  18  1:37  Drone  
  19  1:50  Overlord  
  19  2:00  Roach Warren  
  19  2:01  Drone  
  19  2:05  Queen  
  21  2:08  Drone  
  22  2:17  Queen  
  22  2:20  Drone  
  25  2:42  Roach x3  
  25  2:43  Roach  
  33  2:52  Extractor  
  32  2:59  Drone  
  32  3:00  Drone  
  33  3:08  Roach  
  33  3:09  Overlord  
  33  3:10  Zergling x2  
  36  3:24  Overlord  
  36  3:44  Drone x3  
  39  3:51  Drone x2, Queen  
  39  3:52  Drone  
  39  3:53  Drone  
  45  4:01  Drone x2  
  47  4:11  Drone x3  
  47  4:15  Drone  
  51  4:22  Drone  
  52  4:27  Lair  
  48  4:40  Drone x4  
  48  4:53  Drone, Extractor  
  48  4:54  Drone  
  48  4:56  Zergling x2  
  48  4:57  Metabolic Boost  
  51  5:07  Drone, Overlord  
  51  5:10  Extractor  
  51  5:12  Zergling x2  
  51  5:33  Drone x2, Overlord  
  51  5:34  Zergling x2  
  54  5:42  Drone x3  
  57  5:48  Drone  
  57  5:49  Drone  
  59  5:50  Hydralisk Den  
  59  5:52  Spore Crawler  
  59  5:53  Drone  
  59  5:54  Spore Crawler  
  57  6:00  Zergling x2  
  57  6:01  Overlord, Roach  
  60  6:04  Drone, Overlord  
  60  6:11  Overlord  
  61  6:13  Zergling x4  
  61  6:14  Drone  
  61  6:17  Drone  
  65  6:19  Zergling x2  
  65  6:24  Hydralisk x2  
  70  6:27  Muscular Augments  
  70  6:31  Hatchery  
  69  6:37  Overseer  
  66  7:03  Drone, Hydralisk x5  
  66  7:04  Hydralisk  
  66  7:05  Zergling x2  
  66  7:07  Zergling x2  
  81  7:21  Hydralisk x3  
  81  7:22  Hydralisk  
  89  7:23  Drone x2  
  89  7:25  Overlord  
  91  7:32  Evolution Chamber  
  91  7:35  Pneumatized Carapace  
  90  7:42  Hydralisk x2, Overlord  
  94  7:44  Overseer  
  94  7:45  Hydralisk, Overlord  
  94  7:46  Hydralisk x2  
  94  7:47  Drone x2  
  94  7:48  Grooved Spines  
  102  7:57  Evolution Chamber  
  101  8:03  Spine Crawler  
  101  8:05  Drone x2  
  102  8:07  Spore Crawler  
  102  8:08  Drone  
  102  8:09  Drone, Spine Crawler  
  102  8:14  Spine Crawler  
  86  8:30  Zergling x2  
  86  8:31  Zergling x2  
  81  9:07  Drone  
  81  9:08  Drone x2  
  81  9:09  Hydralisk x3  
  90  9:10  Drone, Hydralisk x3  
  90  9:11  Zergling x2  
  90  9:12  Roach x2  
  90  9:15  Zerg Missile Weapons Level 1, Zerg Ground Armor Level 1  
  102  9:20  Drone  
  103  9:30  Drone x2  
  105  9:34  Spore Crawler  
  104  9:39  Drone x2  
  106  9:46  Hydralisk x5  
  106  9:48  Hydralisk  
  106  9:49  Hydralisk x2  
  122  9:59  Overlord  
  122  10:00  Overlord  
  122  10:02  Extractor x2  
  120  10:07  Spire  
  120  10:09  Nydus Network  
  120  10:12  Hydralisk x2  
  122  10:27  Hydralisk x4  
  131  10:28  Hydralisk, Zergling x4  
  131  10:29  Hydralisk x2  
  131  10:32  Overlord x2  
  131  10:33  Overlord  
  138  10:41  Overlord x2  
  138  10:55  Drone  
  139  10:59  Spine Crawler  
  139  11:01  Hatchery  
  139  11:03  Spore Crawler  
  136  11:10  Hydralisk x2  
  140  11:11  Roach x2  
  140  11:12  Drone x2, Zergling x2  
  140  11:13  Glial Reconstitution  
  140  11:17  Drone  
  148  11:19  Hydralisk x3  
  148  11:24  Zerg Ground Armor Level 2, Zerg Missile Weapons Level 2  
  153  11:32  Burrow  
  153  11:40  Corruptor x2  
  157  11:47  Drone  
  157  11:48  Drone x2, Spine Crawler, Spore Crawler  
  157  11:51  Drone, Overlord  
  157  11:52  Hydralisk x2  
  157  11:53  Hydralisk  
  165  12:06  Nydus Canal  
  165  12:21  Nydus Canal  
  165  12:23  Hydralisk x3  
  165  12:24  Overlord  
  165  12:25  Overlord  
  171  12:32  Infestation Pit  
  170  12:41  Nydus Canal  
  170  13:01  Hydralisk x2, Corruptor x3  
  170  13:03  Corruptor  
  170  13:04  Hydralisk x3  
  179  13:25  Hydralisk x3  
  179  13:26  Hydralisk x2  
  165  13:34  Hydralisk  
  165  13:35  Hydralisk x6  
  171  13:46  Hydralisk  
  171  13:47  Hydralisk x2  
  141  13:49  Zergling x2  
  141  13:50  Zergling x10  
  139  14:08  Hydralisk x3  
  139  14:09  Hydralisk x2  
  126  14:10  Zergling x2  
  126  14:11  Zergling x4  
  126  14:16  Zergling x4  
  127  14:24  Queen, Hydralisk x2  
  127  14:27  Drone x2  
  127  14:28  Queen x2  
  133  14:36  Drone  
  134  14:40  Extractor  
  134  14:42  Extractor  
  132  14:45  Spore Crawler  
  132  14:46  Hive  
  131  15:15  Drone x3  
  134  15:30  Corruptor x3  
  134  15:31  Corruptor x3  
  146  15:38  Hydralisk x3  
  152  15:54  Overseer  
  152  15:56  Overseer  
  149  16:42  Greater Spire  
  149  16:50  Spine Crawler  
  148  16:55  Zerg Ground Armor Level 3  
  148  16:56  Zerg Missile Weapons Level 3  
  148  16:58  Overlord x2  
  148  16:59  Hydralisk x7, Overlord  
  162  17:56  Brood Lord x7  
  162  17:57  Brood Lord x4  
  184  18:03  Hatchery  
  183  18:11  Hydralisk x2  
  187  18:30  Evolution Chamber  
  186  18:46  Hydralisk x6  
  156  19:10  Corruptor  
  156  19:11  Corruptor x6  
  162  19:31  Zergling x2  
  162  19:32  Hydralisk x5  
  162  19:33  Hydralisk  
  162  19:36  Corruptor x2  
  179  19:38  Hydralisk  
  179  19:39  Hydralisk x2  
  185  19:57  Drone x2  
  187  20:11  Extractor, Spore Crawler  
  187  20:12  Spine Crawler  
  187  20:13  Extractor  
  187  20:14  Spore Crawler  
  167  20:40  Brood Lord x3  
  167  20:41  Brood Lord  
  164  20:53  Hydralisk x3  
  164  20:55  Overlord  
  164  21:03  Hydralisk  
Tags
 
Add a new tag
Caveats
  • Supply blocks, unpowered buildings, or Contaminate may cause inaccurate times.
  • Supply counts are checked every 10 seconds.